 Dungeon Crawl Stone Soup version 0.28-a0-804-g60983d4ba9 (webtiles) character file.

Game seed: 5332115795515429612

4305 vurker the Zephyrmancer (level 10, -15/68 HPs)
             Began as an Octopode Air Elementalist on Nov 7, 2021.
             Was an Initiate of Vehumet.
             Demolished by a boulder beetle (26 damage)
             ... on level 11 of the Dungeon.
             The game lasted 00:16:56 (11889 turns).

vurker the Zephyrmancer (OpAE)                     Turns: 11889, Time: 00:16:57

Health: -15/68     AC:  5    Str:  7    XL:     10   Next: 32%
Magic:  2/21       EV: 13    Int: 21    God:    Vehumet [......]
Gold:   494        SH:  0    Dex: 13    Spells: 19/24 levels left

rFire   . . .      SeeInvis .   r - +2 dagger (venom)
rCold   + . .      Faith    .   (no shield)
rNeg    . . .      Spirit   .   (helmet restricted)
rPois   +          Reflect  .   (no amulet)
rElec   .          Harm     .   m - +4 ring of protection
rCorr   .          Rampage  .   s - ring of poison resistance
Will    .....                   u - ring of protection from cold
Stlth   +++.......              (no ring)
HPRegen 0.21/turn               (no ring)
MPRegen 0.17/turn               (no ring)
                                (no ring)
                                (no ring)

@: no status effects
A: almost no armour, amphibious, 8 rings, camouflage 1, gelatinous body 1,
(nimble swimmer 1), tentacles
a: Renounce Religion


You were on level 11 of the Dungeon.
You worshipped Vehumet.
Vehumet was noncommittal.
You visited 2 branches of the dungeon, and saw 11 of its levels.

You collected 530 gold pieces.
You spent 36 gold pieces at shops.

Inventory:

Hand Weapons
 r - a +2 dagger of venom (weapon)
   (You took it off a kobold on level 2 of the Dungeon)
Missiles
 l - 4 throwing nets
Magical Staves
 q - a staff of cold
   (You found it on level 6 of the Dungeon)
Jewellery
 m - a +4 ring of protection (left tentacle)
   (You found it on level 4 of the Dungeon)
 n - a ring of fire
   (You found it on level 4 of the Dungeon)
 s - a ring of poison resistance (right tentacle)
   (You took it off an orc on level 8 of the Dungeon)
 u - a ring of protection from cold (on tentacle)
   (You found it on level 8 of the Dungeon)
Wands
 t - a wand of flame (44)
   (You found it on level 7 of the Dungeon)
 x - a wand of acid (6)
   (You found it on level 11 of the Dungeon)
Scrolls
 b - a scroll of enchant weapon {unknown}
 c - a scroll of amnesia {unknown}
 e - 4 scrolls of immolation
 g - 2 scrolls of enchant armour {unknown}
 h - 3 scrolls of teleportation
 i - 5 scrolls of identify
 j - 2 scrolls of blinking {unknown}
 o - a scroll of magic mapping {unknown}
 v - 2 scrolls of vulnerability {unknown}
Potions
 a - 3 potions of curing
 f - a potion of flight
 k - a potion of haste
 p - a potion of invisibility
 w - 2 potions of resistance
 z - a potion of brilliance {unknown}
 A - a potion of might {unknown}


   Skills:
 + Level 5.7 Fighting
 - Level 2.0 Dodging
 - Level 2.6 Stealth
 * Level 7.9 Spellcasting
 - Level 5.0 Conjurations
 * Level 5.5 Ice Magic
 + Level 8.0 Air Magic


You had 19 spell levels left.
You knew the following spells:

 Your Spells              Type           Power      Damage    Failure   Level
a - Shock                 Conj/Air       100%       1d9       1%          1
c - Airstrike             Air            21%        N/A       3%          4

Your spell library contained the following spells:

 Spells                   Type           Power      Damage    Failure   Level
 Static Discharge         Conj/Air       35%        N/A       1%          2
 Swiftness                Air            42%        N/A       1%          3
 Ensorcelled Hibernation  Hex/Ice        40%        N/A       3%          2
 Spider Form              Tmut/Pois      8%         N/A       24%         3
 Summon Guardian Golem    Hex/Summ       8%         N/A       24%         3
 Orb of Destruction       Conj           14%        9d7       100%        7
 Spellforged Servitor     Conj/Summ      9%         N/A       100%        7


Dungeon Overview and Level Annotations

Branches:
Dungeon (11/15)            Temple (1/1) D:5
   Lair: D:8-11         Orc: D:9-12

Altars:
Cheibriados
Dithmenos
Elyvilon
Fedhas
Gozag
Hepliaklqana
Kikubaaqudgha
Makhleb
Nemelex Xobeh
Qazlal
Ru
Sif Muna
Trog
Uskayaw
Vehumet
Wu Jian
Xom
Yredelemnul
Zin
The Shining One

Shops:
D:2 !   D:5 :   D:7 !

Annotations:
D:3 Grinder
D:11 exclusion: boulder beetle


Innate Abilities, Weirdness & Mutations

You cannot wear most types of armour.
You are amphibious.
You can wear up to eight rings at the same time.
Your skin changes colour to match your surroundings (Stealth+).
Your rubbery body absorbs attacks. (AC +1, EV +1)
((You are camouflaged near water. (Stealth+)))
You have tentacles for arms and can constrict up to eight enemies at once.


Message History

An orc priest comes into view. It is wielding a +0 flail.
Aim: an orc priest, wielding a +0 flail and wearing a +0 leather armour (wandering, hasn't noticed you, empty space bonus: 5/8)
The air twists around and strikes the orc priest!
You kill the orc priest!
Vehumet accepts your kill.
Things that are here:
a +0 flail; a +0 leather armour; an orc corpse You open the door.
There is an open door here.
You open the door.
There is an open door here.
Found a stone staircase leading up.
You close the door.
Found 27 stones.
Really wriggle into a travel-excluded area?
Okay, then.
Aim: a boulder beetle (asleep, empty space bonus: 5/8)
The air twists around and strikes the boulder beetle!
Aim: a boulder beetle (lightly wounded, empty space bonus: 8/8)
The air twists around and strikes the boulder beetle but does no damage.
The boulder beetle curls into a ball and begins rolling!
Aim: a boulder beetle (lightly wounded, rolling, empty space bonus: 8/8)
The air twists around and strikes the boulder beetle.
Aim: a boulder beetle (lightly wounded, rolling, 100% to hit)
The bolt of acid hits the boulder beetle!
The acid corrodes the boulder beetle!
Aim: a boulder beetle (moderately wounded, rolling, covered in acid, 100% to hit)
The bolt of acid hits the boulder beetle!
The boulder beetle seems to be corroded for longer.
The boulder beetle hits you!!
The boulder beetle stops rolling and uncurls.
Aim: a boulder beetle (moderately wounded, covered in acid, 100% to hit)
The bolt of acid hits the boulder beetle.
The boulder beetle seems to be corroded for longer.
The boulder beetle bites you!
* * * LOW HITPOINT WARNING * * *
You don't have any such object.
Okay, then.
Aim: a boulder beetle (moderately wounded, covered in acid, empty space bonus: 6/8)
The air twists around and strikes the boulder beetle!
The boulder beetle bites you.
* * * LOW HITPOINT WARNING * * *
Aim: a boulder beetle (heavily wounded, covered in acid, empty space bonus: 6/8)
The air twists around and strikes the boulder beetle!
The boulder beetle bites you!!
* * * LOW HITPOINT WARNING * * *
Aim: a boulder beetle (severely wounded, covered in acid, 100% to hit)
The bolt of acid hits the boulder beetle!
The boulder beetle bites you!!
You die...

########################
........................
.#..##....#.........##..
.<...............#......
......B@................
.......##+##....###.....
#....##.#...#....#.#.....
#....##(#...#.#..#.#..###
#.......+...#.#..#.+.^#
#.......#...#.#..+.#..#
#..$.#..#...#.#..#.#Y.###
#....#..#...'.#..#.#Y.(..
#....#..#...#.#..#.+Y....


You could see a boulder beetle (corroded).

Vanquished Creatures
  Harold (D:7)
  An elephant (D:7)
  A hornet (D:11)
  A yak (D:11)
  Menkaure (D:6)
  A water moccasin (D:6)
  An ice beast (D:5)
  2 orc warriors (D:11)
  A black bear (D:8)
  2 ogres
  3 centaurs (D:7)
  A phantom (D:5)
  2 wyvern zombies
  2 scorpions
  8 bullfrogs
  A howler monkey (D:6)
  A centaur zombie (D:5)
  Crazy Yiuf (D:6)
  6 orc priests
  2 hounds
  A bullfrog zombie (D:6)
  A bullfrog skeleton (D:6)
  A gnoll shaman (D:5)
  2 iguanas
  10 orc wizards
  2 killer bee zombies
  3 ogre zombies (D:11)
  5 adders
  13 gnolls
  A white imp (D:5)
  2 ufetubi
  An adder skeleton (D:4)
  2 worms
  4 dart slugs
  45 orcs
  7 bats
  8 endoplasms
  3 giant cockroaches
  10 goblins
  9 hobgoblins
  4 quokkas
  8 ball pythons
  3 frilled lizards
  A hobgoblin skeleton (D:11)
  8 kobolds
  2 orc skeletons (D:11)
  An orc zombie (D:11)
  7 rats
203 creatures vanquished.

Vanquished Creatures (others)
  A plant (D:8)
1 creature vanquished.

Grand Total: 204 creatures vanquished

Notes
Turn   | Place    | Note
-------+----------+-------------------------------------------
     0 | D:1      | vurker the Octopode Air Elementalist began the quest for
                  | the Orb.
     0 | D:1      | Reached XP level 1. HP: 11/11 MP: 3/3
   130 | D:1      | Reached XP level 2. HP: 16/17 MP: 0/5
   961 | D:1      | Reached XP level 3. HP: 22/22 MP: 2/6
  1295 | D:1      | Reached skill level 1 in Fighting
  1994 | D:2      | Reached XP level 4. HP: 28/28 MP: 2/8
  2053 | D:2      | Learned a level 4 spell: Airstrike
  2249 | D:2      | Found Nonigar's Distillery.
  2572 | D:2      | Bought a potion of curing for 36 gold pieces
  2597 | D:3      | Noticed Grinder
  2971 | D:3      | Found a glowing silver altar of Zin.
  2972 | D:3      | Found a hide-covered altar of Uskayaw.
  2972 | D:3      | Found a shimmering blue altar of Sif Muna.
  2983 | D:3      | Found an ornate altar of the Wu Jian Council.
  2983 | D:3      | Found a shadowy altar of Dithmenos.
  2997 | D:3      | Reached skill level 4 in Air Magic
  2997 | D:3      | Reached XP level 5. HP: 19/33 MP: 6/9
  3001 | D:3      | Found an opulent altar of Gozag.
  3226 | D:3      | Found a snail-covered altar of Cheibriados.
  3231 | D:3      | Found a faded altar of an unknown god.
  3442 | D:3      | You fall into a shaft and drop 3 floors!
  3466 | D:6      | Reached XP level 6. HP: 36/39 MP: 11/11
  3469 | D:6      | Noticed a sky beast
  3475 | D:5      | Entered Level 5 of the Dungeon
  4176 | D:4      | HP: 1/39 [gnoll (11)]
  4470 | D:4      | Found a bloodstained altar of Trog.
  4603 | D:4      | Reached skill level 5 in Air Magic
  4909 | D:4      | Reached XP level 7. HP: 13/45 MP: 3/13
  5791 | D:5      | Found Rex Yril's Book Boutique.
  6064 | D:5      | Found a staircase to the Ecumenical Temple.
  6088 | Temple   | Entered the Ecumenical Temple
  6197 | D:6      | Noticed Menkaure
  6204 | D:6      | Killed Menkaure
  6205 | D:6      | Reached skill level 5 in Spellcasting
  6205 | D:6      | Reached skill level 6 in Air Magic
  6205 | D:6      | Reached XP level 8. HP: 28/52 MP: 8/15
  7685 | D:6      | Found a runed translucent door.
  7686 | D:6      | Noticed Crazy Yiuf
  7786 | D:6      | Killed Crazy Yiuf
  8118 | D:7      | Reached skill level 1 in Ice Magic
  8118 | D:7      | Reached skill level 7 in Air Magic
  8121 | D:7      | Reached XP level 9. HP: 28/58 MP: 4/18
  8281 | D:7      | Noticed Harold
  8750 | D:7      | Found Joimisoz's Distillery.
  8848 | D:7      | Reached skill level 5 in Conjurations
  9449 | D:7      | Killed Harold
  9450 | D:7      | Reached skill level 5 in Fighting
 10087 | D:8      | Found a radiant altar of Vehumet.
 10108 | D:8      | Became a worshipper of Vehumet
 10138 | D:8      | Noticed an elephant
 10202 | D:7      | Killed an elephant
 10203 | D:7      | Reached XP level 10. HP: 42/66 MP: 1/21
 10344 | D:8      | Reached skill level 5 in Ice Magic
 10519 | D:8      | You fall into a shaft and drop 3 floors!
 10680 | D:10     | Entered Level 10 of the Dungeon
 10712 | D:10     | Noticed a two-headed ogre
 10770 | D:11     | Noticed a boulder beetle
 11384 | D:11     | Reached skill level 8 in Air Magic
 11889 | D:11     | Demolished by a boulder beetle

Illustrated notes

Levels and vault maps discovered:
D:1:      dpeg_arrival_lava_temple_mockup, layout_basic
D:2:      layout_rooms, serial_shops, shop
D:3:      layout_rooms, grunt_temple_overflow_open,
          ebering_ecumenical_altar_box, skrybe_limestone_x, uniq_grinder
D:4:      layout_basic, mainiacjoe_overflow_alcove_1, st_stairs_13
D:5:      layout_gridville, minmay_temple_entry_statues_fountains, serial_shops,
          nicolae_shop_crystal, serial_rivers, chequers_serial_rivers_marsh,
          chequers_serial_rivers_micro_a, chequers_serial_rivers_micro_a,
          chequers_serial_rivers_micro_c, chequers_serial_rivers_marsh,
          chequers_serial_rivers_micro_b
D:6:      layout_rooms, uniq_menkaure, uniq_crazy_yiuf_cottage
D:7:      layout_cave_pools, serial_shops,
          nicolae_shop_competitors_out_of_business, minmay_liquid_box,
          kennysheep_generic_room_8, uniq_harold
D:8:      layout_basic, vehumet_altar_wand_db, david_lair_generic, serial_shops,
          nicolae_shop_waterfront, enter_ossuary_4, uniq_maurice,
          uniq_prince_ribbit1, uniq_psyche
D:10:     layout_basic, ashenzari_conservatory_becter, gammafunk_ghost_arena
D:11:     layout_stronghold, zombieorc2_lemuel
Temple:   minmay_freezing_vapour_temple

Skill      XL: |  1  2  3  4  5  6  7  8  9 10 |
---------------+-------------------------------+-----
Fighting       | 1 2 3 4 5 |  5.7
Spellcasting   | 3 4 5 6 7 |  7.9
Conjurations   | 2 3 4 5 |  5.0
Air Magic      | 4 5 6 7 8 |  8.0
Ice Magic      | 1 4 5 |  5.5
Dodging        | |  2.0
Stealth        | |  2.6

Action                   |  1- 3 |  4- 6 |  7- 9 | 10-12 || total
-------------------------+-------+-------+-------+-------++-------
Melee: Unarmed           |    21 |       |       |       ||    21
       Constrict         |     7 |     6 |     9 |     2 ||    24
       Tentacles         |     3 |     5 |     9 |     1 ||    18
       Dagger            |     3 |    32 |    38 |     5 ||    78
 Cast: Shock             |    78 |   113 |   166 |     9 ||   366
       Airstrike         |       |       |    68 |    39 ||   107
Evoke: Wand              |       |       |     6 |     7 ||    13
  Use: Potion            |       |     2 |       |       ||     2
       Scroll            |       |       |     5 |       ||     5
 Stab: Sleeping          |       |     1 |       |       ||     1
Armor: Skin              |     5 |     5 |    17 |       ||    27
Dodge: Dodged            |    18 |    28 |    72 |     7 ||   125

Table legend: (Time is in decaauts)
 A = Elapsed time spent in this place.
 B = Non-inter-level travel time spent in this place.
 C = Inter-level travel time spent in this place.
 D = Time resting spent in this place.
 E = Time spent auto-exploring this place.
 F = Levels seen in this place.
 G = Mean time per level.
                   A        B        C        D        E       F      G
               +--------+--------+--------+--------+--------+-----+--------+
         Total |  11910 |  11549 |    361 |   2023 |   7759 |  11 | 1082.7 |
       Dungeon |  11909 |  11548 |    361 |   2023 |   7759 |  10 | 1190.9 |
        Temple |      1 |      1 |      0 |      0 |      0 |   1 |    1.0 |
               +--------+--------+--------+--------+--------+-----+--------+

Top non-repeatable levels by time:
     D:6: 2109 daAuts
     D:1: 1749 daAuts
     D:5: 1504 daAuts
     D:4: 1496 daAuts
    D:11: 1333 daAuts
     D:7: 1275 daAuts
     D:3: 1093 daAuts
     D:2: 859 daAuts
     D:8: 446 daAuts
    D:10: 40 daAuts
  Temple: 1 daAuts
